AoeStats
← MattAtArms

Arabia

506880476Analyzed
1v1 RM · 18d ago on Sep 15, 2026· 20m 42s· 2 players
Game mode
Random Map
Map size
Tiny (2 player)
Population
200
Speed
Normal
Resources
Standard
Victory
Conquest
Starting age
Dark Age
Ending age
Imperial Age
RankedLock teamsTeams togetherTeam positionsShared explorationLock speedFull tech treeHidden civsTurbo modeCheats
Victory
Defeat
🇬🇧 Bulgarians · United Kingdom
1970
+12
🇨🇱 Inca · Chile
1888
-12
Burak
3:00 Loom
6:34 Loom
8:58 Feudal Age
9:18 Champi Runner
15:31 Fletching
16:44 Double-Bit Axe
19:11 Padded Archer Armor
MattAtArms
6:17 Loom
9:42 Feudal Age
10:12 Double-Bit Axe
14:25 Fletching
16:17 Town Watch
20:37 Castle Age
18:44 Gold Mining
19:14 Horse Collar
20:16 Scale Barding Armor
20:22 Forging
20:42 Padded Archer Armor
Connection lost

Rejoining the realm…

Still unreachable

The connection could not be restored.

Session expired

The server has moved on; the page needs a fresh start.